AoeStats
← Mr_Fox

Arabia

510475162Analyzed
2v2 RM · 1d ago on Oct 1, 2026· 16m 1s· 4 players
Game mode
Random Map
Map size
Medium (4 player)
Population
200
Speed
Normal
Resources
Standard
Victory
Conquest
Starting age
Dark Age
Ending age
Imperial Age
RankedLock teamsTeams togetherTeam positionsShared explorationLock speedFull tech treeHidden civsTurbo modeCheats
Victory
Defeat
🇬🇹 Shu · Guatemala
1407
+13
🇬🇹 Persians · Guatemala
1403
+13
🇲🇽 Georgians · Mexico
1383
-14
🇲🇽 Vietnamese · Mexico
1307
-12
King Spartacus
8:41 Feudal Age
9:34 Double-Bit Axe
9:29 Horse Collar
10:10 Loom
15:49 Forging
luislm6621
7:26 Loom
9:36 Feudal Age
12:50 Town Watch
Balam
5:08 Loom
9:05 Feudal Age
10:08 Double-Bit Axe
14:11 Fletching
Mr_Fox
5:17 Loom
8:19 Feudal Age
9:20 Double-Bit Axe
10:36 Horse Collar
Connection lost

Rejoining the realm…

Still unreachable

The connection could not be restored.

Session expired

The server has moved on; the page needs a fresh start.